 Dungeon Crawl Stone Soup version 0.26-a0-542-gbaa144ba5c (webtiles) character file.

Game seed: 2542610465152899782

4 Descartes the Grave Robber (level 1, -8/7 HPs)
             Began as a Felid Wanderer on Aug 18, 2020.
             Mangled by a gnoll
             ... wielding a +2 halberd of protection
              (15 damage)
             ... on level 1 of the Dungeon.
             The game lasted 00:01:14 (261 turns).

Descartes the Grave Robber (Felid Wanderer)          Turns: 261, Time: 00:01:16

Health: -8/7       AC:  1    Str:  6    XL:     1   Next: 58%
Magic:  2/5        EV: 16    Int: 15    God:
Gold:   0          SH:  0    Dex: 15    Spells: 5/6 levels left
                                        Lives:  0   Deaths: 0

rFire    . . .     SeeInvis +   (weapon unavailable)
rCold    . . .     Faith    .   (shield unavailable)
rNeg     . . .     Spirit   .   (armour unavailable)
rPois    .         Reflect  .   (helmet unavailable)
rElec    .         Harm     .   (cloak unavailable)
rCorr    .                      (gloves unavailable)
MR       .....                  (boots unavailable)
Stlth    ++........             (no amulet)
HPRegen  0.02/turn              (no ring)
MPRegen  0.09/turn              (no ring)

@: quick
A: very small, no armour, no weapons or thrown items, stealth, claws 1, fangs 3,
see invisible, speed 1, shaggy fur 1, sharp paws
a: no special abilities


You were on level 1 of the Dungeon.
You visited 1 branch of the dungeon, and saw 1 of its levels.

Inventory:

Scrolls
 c - a scroll of teleportation


   Skills:
 + Level 0.8 Dodging
 + Level 0.8 Stealth
 + Level 0.4 Unarmed Combat
 - Level 3.0 Spellcasting
   Level 3.0 Necromancy
   Level 1.5 Translocations
   Level 1.0 Poison Magic
   Level 2.1 Evocations


You had 5 spell levels left.
You knew the following spells:

 Your Spells              Type           Power        Failure   Level
a - Foxfire               Conj/Fire      #...         21%         1

Your spell library contained the following spells:

 Spells                   Type           Power        Failure   Level
 Blink                    Tloc           N/A          16%         2
 Gell's Gravitas          Tloc           #.........   32%         3
 Lesser Beckoning         Tloc           #.........   32%         3
 Teleport Other           Tloc           #.......     32%         3
 Conjure Flame            Conj/Fire      #.......     52%         3
 Passage of Golubria      Tloc           N/A          71%         4


Dungeon Overview and Level Annotations

Branches:
Dungeon (1/15)

Altars:


Innate Abilities, Weirdness & Mutations

You cannot wear armour.
You are incapable of wielding weapons or throwing items.
Your paws allow you to move quietly. (Stealth)
You have sharp claws.
You have razor-sharp teeth.
You have supernaturally acute eyesight. (SInv)
You cover ground quickly.
You are covered in fur. (AC +1)
Your sharp claws are effective at attacking unaware monsters.


Message History

Confirm with . or Enter, or press ? or * to list all spells.
You conjure some foxfire!
The foxfire hits the gnoll but does no damage. x2
Casting: Foxfire (safe; 21% risk of failure)
Confirm with . or Enter, or press ? or * to list all spells.
You conjure some foxfire!
The gnoll barely misses you.
The foxfire hits the gnoll but does no damage.
The foxfire hits the gnoll.
The gnoll is lightly wounded.
The gnoll closely misses you.
Casting: Foxfire (safe; 21% risk of failure)
Confirm with . or Enter, or press ? or * to list all spells.
You conjure some foxfire!
The foxfire hits the gnoll but does no damage.
The gnoll is lightly wounded.
The foxfire hits the gnoll but does no damage.
The gnoll is lightly wounded.
The gnoll hits you from afar with a +2 halberd of protection!
Ouch! That really hurt!
You die...

.## ....### #..... ..
..# ...... ..##.###....
..####.#.#####.##......#
#...........##.##.####.#
♣..(.....##.##.##.#
#♣.###.#.##.##.##.# #♣#
#.#.##.##.##g####.#.
#.........##........
####.#.#...@§.......
#.#.##.#########.
#.#....# #.#...##
#...... ####..## #.## #.


You could see a gnoll.

Vanquished Creatures
  A leopard gecko (D:1)
  A kobold (D:1)
  A bat (D:1)
  A goblin (D:1)
4 creatures vanquished.

Vanquished Creatures (others)
  18 foxfires (D:1)
18 creatures vanquished.

Grand Total: 22 creatures vanquished

Notes
Turn   | Place    | Note
-------+----------+-------------------------------------------
     0 | D:1      | Descartes the Felid Wanderer began the quest for the Orb.
     0 | D:1      | Descartes set off with the following items: a scroll of
                  | teleportation; and the following spell memorised: Foxfire;
                  | and the following spells available to memorise: Blink,
                  | Gell's Gravitas, Lesser Beckoning, Teleport Other, Conjure
                  | Flame, Passage of Golubria
     0 | D:1      | Reached XP level 1. HP: 7/7 MP: 5/5
   261 | D:1      | Mangled by a gnoll

Illustrated notes

Levels and vault maps discovered:
D:1:      saegor_arrival_under_anarchy, layout_loops_ring

Action                   || total
-------------------------++-------
 Cast: Foxfire           ||    12
Armor: Skin              ||     1
Dodge: Dodged            ||     3

Table legend: (Time is in decaauts)
 A = Elapsed time spent in this place.
 B = Non-inter-level travel time spent in this place.
 C = Inter-level travel time spent in this place.
 D = Time resting spent in this place.
 E = Time spent auto-exploring this place.
 F = Levels seen in this place.
 G = Mean time per level.
                   A        B        C        D        E       F      G
               +--------+--------+--------+--------+--------+-----+--------+
         Total |    243 |    243 |      0 |      0 |    198 |   1 |  243.0 |
       Dungeon |    243 |    243 |      0 |      0 |    198 |   1 |  243.0 |
               +--------+--------+--------+--------+--------+-----+--------+

Top non-repeatable levels by time:
     D:1: 243 daAuts
